 Dungeon Crawl Stone Soup version 0.18.1-50-g88ac8fd (webtiles) character file.

66 Peloso the Skirmisher (level 4, 0/40 HPs)
             Began as a Ghoul Fighter on Oct 28, 2016.
             Slain by a goblin (3 damage)
             ... led by Robin
             ... on level 2 of the Dungeon.
             The game lasted 00:01:56 (986 turns).

Peloso the Skirmisher (Ghoul Fighter)                Turns: 986, Time: 00:01:57

Health: 0/40       AC:  6    Str: 24    XL:     4   Next: 15%
Magic:  3/3        EV:  8    Int:  3    God:
Gold:   70         SH:  9    Dex:  9    Spells: 0 memorised, 3 levels left

rFire  . . .     SeeInvis .     a - +0 long sword
rCold  + . .     Gourm    .     b - +0 scale mail
rNeg   + + +     Faith    .     c - +0 shield
rPois  ∞         Spirit   .     (no helmet)
rElec  .         Dismiss  .     (no cloak)
rCorr  .         Reflect  .     (no gloves)
SustAt .         Harm     .     (no boots)
MR     .....                    (no amulet)
Stlth  ..........               (no ring)
                                (no ring)

@: mighty, rotting, not resistant to hostile enchantments, extremely unstealthy
A: rotting body, claws 1, carnivore 3, cold resistance 1, negative energy
resistance 3, slow regeneration 1, torment resistance, unbreathing
a: no special abilities


You were on level 2 of the Dungeon.
You were not hungry.

You visited 1 branch of the dungeon, and saw 2 of its levels.

You collected 70 gold pieces.

Inventory:

Hand Weapons
 a - a +0 long sword (weapon)
Armour
 b - a +0 scale mail (worn)
 c - a +0 shield (worn)
Wands
 o - a wand of random effects (39/48)
Scrolls
 e - a scroll of recharging {unknown}
 g - 2 scrolls of remove curse {unknown}
 h - a scroll of fog {unknown}
 j - a scroll of identify {unknown}
Potions
 k - a potion of curing {unknown}
 l - a potion of ambrosia {unknown}
 m - a potion of magic {unknown}
Comestibles
 f - a meat ration
 i - 2 chunks of flesh
 n - a beef jerky


   Skills:
 + Level 3.8 Fighting
 + Level 2.1 Long Blades
 + Level 2.9 Armour
 + Level 1.3 Dodging
 + Level 0.2 Stealth
 + Level 3.2 Shields


You had 3 spell levels left.
You didn't know any spells.

Dungeon Overview and Level Annotations

Branches:
Dungeon (2/15)

Altars:
Xom

Annotations:
D:2 Robin


Innate Abilities, Weirdness & Mutations

Your body is rotting away.
You thrive on raw meat.
You are immune to poison.
You have sharp fingernails.
You are carnivorous and can eat meat at any time.
Your flesh is cold resistant.
You are immune to negative energy.
You regenerate slowly when monsters are visible.
You are immune to unholy pain and torment.
You can survive without breathing.


Message History

You barely miss the goblin. The goblin closely misses you.
The goblin barely misses you. You block the goblin's attack. x2
Unknown command.
Your shield and scale mail prevent you from hitting the goblin.
You block Robin's attack. You block the goblin's attack. The goblin hits you.
* * * LOW HITPOINT WARNING * * *
The goblin hits you with a club.
* * * LOW HITPOINT WARNING * * *
You block Robin's attack. The goblin hits you but does no damage.
Unknown command.
You hit the goblin.
The goblin is heavily wounded.
You block the goblin's attack. The goblin hits you but does no damage.
The goblin barely misses you. The goblin hits you.
* * * LOW HITPOINT WARNING * * *
You slice the goblin!!
You kill the goblin!
Robin closely misses you. The goblin barely misses you. x2
The goblin hits you but does no damage. The goblin hits you.
You die...

############.# #.# .
..#.# #g# #..#######.#.#
#.# .........#<#.# #g#
...#####.#.#.# #g#
#..(.....#.#.# #g#
#.######.#.#.#####)#
...............g#g#######
#########.#.#.g@g........
..........#.#####.#######
###########.............#
#######.####..# ....
...... ..##..... #. .##..
#. .# .


You could see Robin and 3 goblins.

Vanquished Creatures
  Ijyb (D:2)
  An ooze (D:1)
  A dart slug (D:1)
  A giant gecko (D:2)
  5 goblins
  4 hobgoblins
  3 jackals (D:1)
  2 ball pythons
  5 bats (D:1)
  2 giant newts (D:1)
  6 kobolds (D:1)
  5 rats
36 creatures vanquished.

Notes
Turn   | Place    | Note
--------------------------------------------------------------
     0 | D:1      | Peloso the Ghoul Fighter began the quest for the Orb.
     0 | D:1      | Reached XP level 1. HP: 19/19 MP: 0/0
    95 | D:1      | Reached XP level 2. HP: 18/26 MP: 1/1
   438 | D:1      | Reached XP level 3. HP: 31/31 MP: 2/2
   579 | D:1      | Reached skill level 1 in Dodging
   867 | D:2      | Found a shimmering altar of Xom.
   958 | D:2      | Noticed Ijyb
   960 | D:2      | Noticed Robin
   977 | D:2      | Killed Ijyb
   977 | D:2      | Reached XP level 4. HP: 12/40 MP: 3/3
   986 | D:2      | Slain by a goblin

Skill      XL: |  1  2  3 |
---------------+----------+-----
Long Blades    | 2 |  2.1
Shields        | 3 |  3.2
Dodging        | 1 |  1.3
Fighting       | |  3.8
Armour         | |  2.9
Stealth        | |  0.2

Action                   |  1- 3 |  4- 6 || total
-------------------------+-------+-------++-------
Melee: Long sword        |   118 |     9 ||   127
  Use: Potion            |     1 |       ||     1
  Eat: Chunk             |     3 |       ||     3
Armor: Scale mail        |    76 |     8 ||    84
Dodge: Dodged            |    52 |    11 ||    63
Block: Shield            |    76 |    13 ||    89
